 Dungeon Crawl Stone Soup version 0.26-a0-639-g72c4674329 (webtiles) character file.

Game seed: 13396345298002162637

57 PentaManta the Chopper (level 4, -23/35 HPs)
             Began as a Formicid Abyssal Knight on Sept 19, 2020.
             Was a Follower of Lugonu.
             Killed from afar by a jackal (25 damage)
             ... with an exploding inner flame
             ... hexed by the player character
             ... on level 2 of the Dungeon.
             The game lasted 00:04:56 (2476 turns).

PentaManta the Chopper (Formicid Abyssal Knight)    Turns: 2476, Time: 00:04:57

Health: -23/35     AC:  3    Str: 17    XL:     4   Next: 18%
Magic:  5/5        EV: 11    Int: 12    God:    Lugonu [*.....]
Gold:   78         SH:  0    Dex: 10    Spells: 3/3 levels left

rFire    . . .     SeeInvis +   a - +1 hand axe
rCold    . . .     Faith    .   (no shield)
rNeg     . . .     Spirit   .   b - +0 leather armour
rPois    .         Reflect  .   (helmet unavailable)
rElec    .         Harm     .   (no cloak)
rCorr    .         Rampage  .   (no gloves)
MR       .....                  (no boots)
Stlth    +.........             (no amulet)
HPRegen  0.11/turn              (no ring)
MPRegen  0.09/turn              (no ring)

@: lethally poisoned (-23 -> -25), flying (expiring)
A: permanent stasis, dig shafts and tunnels, four strong arms, antennae 3
a: Dig, Shaft Self, Depart the Abyss, Renounce Religion


You were on level 2 of the Dungeon.
You worshipped Lugonu.
Lugonu was aware of your devotion.
You visited 1 branch of the dungeon, and saw 3 of its levels.
You visited the Abyss 1 time.

You collected 78 gold pieces.

Inventory:

Hand Weapons
 a - a +1 hand axe (weapon)
 c - a +0 dagger
Armour
 b - a +0 leather armour (worn)
Scrolls
 g - 3 scrolls of identify
 m - a scroll of remove curse


   Skills:
 - Level 3.2 Fighting
 + Level 4.1 Axes
 - Level 2.1 Armour
 - Level 0.8 Dodging
 - Level 2.1 Invocations


You had 3 spell levels left.
You didn't know any spells.
Your spell library was empty.

Dungeon Overview and Level Annotations

Branches:
Dungeon (3/15)

Altars:


Innate Abilities, Weirdness & Mutations

You cannot be hasted, slowed, berserked, paralysed or teleported.
You can dig through walls and to a lower floor.
Your four strong arms can wield two-handed weapons with a shield.
You have a pair of large antennae on your head. (SInv)


Message History

The jackal closely misses you.
As you read the scroll labeled QOSHYCV MYSA, it crumbles to dust.
You feel a strange sense of stasis.
It was a scroll of teleportation.
The jackal completely misses you. The jackal misses you.
As you read the scroll labeled WEUSUE WUNY, it crumbles to dust.
The creatures around you are filled with an inner flame!
It was a scroll of immolation.
The jackal barely misses you.
As you read the scroll labeled YNASOB ATAE, it crumbles to dust.
It is a scroll of amnesia.
You feel forgetful for a moment.
You are starting to lose your buoyancy.
* * * LOW HITPOINT WARNING * * *
You feel sick. The jackal closely misses you. x2
You hit the jackal.
Flame seeps out of the jackal.
The jackal is heavily wounded.
The jackal is engulfed in blazing flames.
The jackal explodes!
The fiery explosion engulfs you!!
Ouch! That really hurt!
You die...

##.....##
#..#####.#
#.......## ##..###
#.#
.........####.....#
#.#
.........'........#
#.#
.........####...#.#
#.# #.......##
##.##.###.#
##.....##
##...§§...# ##...##
##...#○##### ##'##
##.###@§# #.# #.##
##.# #.# #.# #.#
##.######.#####.#
##.≈.≈.≈.....≈..##
#.....≈..≈≈≈...≈#
##.≈.≈≈≈≈≈≈≈≈≈..#
####≈.≈≈≈≈≈≈≈≈≈.≈#
....≈.≈≈≈≈≈≈≈≈≈≈≈#


There were no monsters in sight!

Vanquished Creatures
  A worker ant (D:3)
  2 worms (D:2)
  A dart slug (D:1)
  A leopard gecko (D:2)
  4 bats
  2 giant cockroaches (D:1)
  2 goblins
  3 hobgoblins
  5 kobolds
  3 frilled lizards
  2 rats
26 creatures vanquished.

Notes
Turn   | Place    | Note
-------+----------+-------------------------------------------
     0 | Abyss:1  | PentaManta the Formicid Abyssal Knight began the quest for
                  | the Orb.
     0 | Abyss:1  | Reached XP level 1. HP: 18/18 MP: 2/2
    62 | Abyss:1  | Noticed a quasit
    73 | Abyss:1  | Noticed a raiju
    75 | D:1      | Escaped the Abyss
   203 | D:1      | Reached XP level 2. HP: 21/24 MP: 3/3
   468 | D:1      | Reached skill level 3 in Axes
  1133 | D:2      | Reached XP level 3. HP: 14/29 MP: 4/4
  1916 | D:2      | Found a faded altar of an unknown god.
  2020 | D:2      | Reached * piety under Lugonu
  2456 | D:3      | Reached skill level 4 in Axes
  2456 | D:3      | Reached XP level 4. HP: 9/35 MP: 5/5
  2476 | D:2      | Killed from afar by a jackal

Illustrated notes

Levels and vault maps discovered:
D:1:      nicolae_arrival_memento_mori, layout_basic, minmay_misc_feat_ornament,
          minmay_misc_feat_nine_boxes
D:2:      layout_loops_corners, chequers_ecumenical_altar_island
D:3:      layout_rooms, lemuel_doored_altar

Skill      XL: |  1  2  3 |
---------------+----------+-----
Axes           | 3 4 |  4.1
Fighting       | |  3.2
Armour         | |  2.1
Dodging        | |  0.8
Invocations    | |  2.1

Action                   |  1- 3 |  4- 6 || total
-------------------------+-------+-------++-------
Melee: Hand axe          |    39 |     8 ||    47
       Dagger            |    78 |       ||    78
Invok: Depart the Abyss  |     1 |       ||     1
  Use: Scroll            |     2 |     5 ||     7
       Potion            |     2 |     1 ||     3
Armor: Leather armour    |    32 |     2 ||    34
Dodge: Dodged            |    81 |    15 ||    96

Table legend: (Time is in decaauts)
 A = Elapsed time spent in this place.
 B = Non-inter-level travel time spent in this place.
 C = Inter-level travel time spent in this place.
 D = Time resting spent in this place.
 E = Time spent auto-exploring this place.
 F = Levels seen in this place.
 G = Mean time per level.
                   A        B        C        D        E       F      G
               +--------+--------+--------+--------+--------+-----+--------+
         Total |   2485 |   2413 |     72 |    142 |   1929 |   4 |  621.2 |
       Dungeon |   2410 |   2338 |     72 |    142 |   1929 |   3 |  803.3 |
         Abyss |     75 |     75 |      0 |      0 |      0 |   1 |   75.0 |
               +--------+--------+--------+--------+--------+-----+--------+

Top non-repeatable levels by time:
     D:2: 1473 daAuts
     D:1: 902 daAuts
 Abyss:1: 75 daAuts
     D:3: 35 daAuts
